[Event "HUN-ch U8-U18 2019"]
[Site "Balatonlelle"]
[Date "2019.06.21"]
[Round "1.1"]
[White "Csajbok, Levente Tamas"]
[Black "Persanyi, Barnabas"]
[Result "0-1"]
[ECO "C92"]
[WhiteElo "1985"]
[BlackElo "2404"]
[Annotator "NA"]
[PlyCount "102"]
[EventDate "2019.06.21"]
[EventType "swiss"]
[EventCountry "HUN"]
[SourceTitle "playchess.com"]
[Source "ChessBase"]
[SourceQuality "1"]
[TimeControl "40/5400+30:1800+30"]

1. e4 e5 2. Nf3 Nc6 3. Bb5 a6 4. Ba4 Nf6 5. O-O Be7 6. Re1 b5 7. Bb3 d6 8. c3 O-O 9. h3 Nd7 10. d4 Bb7 11. Nbd2 exd4 12. cxd4 Bf6 13. Nf1 Na5 14. Bc2 Re8 $11 15. Ng3 g6 16. b4 Nc4 17. Rb1 h5 18. Qd3 Nf8 19. Bh6 h4 20. Nf1 a5 21. a4 Ba6 22. axb5 Bxb5 23. bxa5 c6 24. N1d2 Nxa5 25. Qe3 Ne6 26. e5 dxe5 27. dxe5 Be7 28. Red1 Qc7 29. Ne4 Nc4 30. Qc3 Na3 31. Ra1 Be2 32. Nf6+ Bxf6 33. exf6 Nxc2 34. Qxc2 Rxa1 35. Rxa1 Bxf3 36. gxf3 Qe5 37. Ra3 Qxf6 38. Qxc6 Rd8 39. Ra8 g5 40. Rxd8+ Qxd8 41. Qc2 Qf6 42. Qc8+ Kh7 43. Bf8 Qxf3 44. Qc2+ Kg8 45. Bd6 Qd5 46. Bb4 Nf4 47. Qc8+ Kh7 48. Qc2+ Kg7 49. Qc3+ Kg6 50. Qc2+ f5 51. f3 Qxf3 0-1

[Event "HUN-ch U8-U18 2019"]
[Site "Balatonlelle"]
[Date "2019.06.21"]
[Round "1.1"]
[White "Petervari, Szabolcs"]
[Black "Erdelyi, Borisz"]
[Result "1-0"]
[ECO "A01"]
[WhiteElo "1816"]
[BlackElo "1372"]
[Annotator "NA"]
[PlyCount "111"]
[EventDate "2019.06.21"]
[EventType "swiss"]
[EventCountry "HUN"]
[SourceTitle "playchess.com"]
[Source "ChessBase"]
[SourceQuality "1"]
[TimeControl "40/5400+30:1800+30"]

1. b3 d5 2. Bb2 e6 3. e3 Nf6 4. Nf3 Be7 5. d4 O-O 6. Bd3 c5 7. Nbd2 Nc6 8. O-O Qc7 9. c4 Re8 10. dxc5 Nb4 11. Bb1 Qxc5 12. a3 Na6 13. b4 Qc7 14. Be5 Qd8 15. Qc2 g6 16. cxd5 exd5 17. Ba2 Be6 18. Rac1 Rc8 19. Qb2 Rxc1 20. Rxc1 Ne4 21. Nd4 Nxd2 22. Qxd2 Bd6 23. Bxd6 Qxd6 24. Nb5 Qb6 25. Nc3 Rd8 26. Nxd5 Bxd5 27. Bxd5 Kf8 28. e4 Qd6 29. Qh6+ Kg8 30. Qe3 Nc7 31. Bb3 Nb5 32. Qf3 Qd7 33. Rd1 Nd4 34. Qf6 Rc8 35. Qxd4 Qxd4 36. Rxd4 Rc3 37. Bd1 Rxa3 38. g3 b5 39. Be2 a6 40. Kg2 Kg7 41. f4 f6 42. Rd7+ Kg8 43. Ra7 Ra2 44. Kf3 Ra3+ 45. Kg4 h5+ 46. Kh3 Re3 47. Bd1 Rxe4 48. Rxa6 Rxb4 49. Rxf6 Kg7 50. Rb6 Rb2 51. Ba4 b4 52. Be8 b3 53. Ba4 Ra2 54. Bxb3 Rb2 55. Rb7+ Kf6 56. Rf7# 1-0

[Event "HUN-ch U8-U18 2019"]
[Site "Balatonlelle"]
[Date "2019.06.21"]
[Round "1.2"]
[White "Karacsonyi, Gellert"]
[Black "Magold, Victor"]
[Result "1-0"]
[ECO "B43"]
[WhiteElo "2304"]
[BlackElo "1968"]
[Annotator "NA"]
[PlyCount "49"]
[EventDate "2019.06.21"]
[EventType "swiss"]
[EventCountry "HUN"]
[SourceTitle "playchess.com"]
[Source "ChessBase"]
[SourceQuality "1"]
[TimeControl "40/5400+30:1800+30"]

1. e4 c5 2. Nf3 e6 3. d4 cxd4 4. Nxd4 a6 5. Nc3 Qc7 6. a3 Nf6 7. f4 Nc6 8. Be3 d6 9. Qf3 Be7 10. O-O-O O-O 11. Nxc6 bxc6 12. g4 d5 13. Bd4 dxe4 14. Nxe4 Nd5 15. Be5 Qb6 16. g5 Bb7 17. Rd3 f6 18. gxf6 Bxf6 19. Nxf6+ Nxf6 20. Rb3 Qa7 21. Bc4 Rae8 22. Qg2 Ba8 23. Rg1 c5 24. Qg5 Qe7 25. Bd6 1-0

[Event "HUN-ch U8-U18 2019"]
[Site "Balatonlelle"]
[Date "2019.06.21"]
[Round "1.2"]
[White "Tancz, Janos Sr."]
[Black "Gyenes, Mate"]
[Result "0-1"]
[ECO "B02"]
[WhiteElo "1425"]
[BlackElo "1823"]
[Annotator "NA"]
[PlyCount "56"]
[EventDate "2019.06.21"]
[EventType "swiss"]
[EventCountry "HUN"]
[SourceTitle "playchess.com"]
[Source "ChessBase"]
[SourceQuality "1"]
[TimeControl "40/5400+30:1800+30"]

1. e4 Nf6 2. Nc3 d5 3. exd5 Nxd5 4. Nxd5 Qxd5 5. Qf3 Be6 6. g3 Nc6 7. Bg2 Nb4 8. Qxd5 Bxd5 9. Bxd5 Nxd5 10. c3 e5 11. Ne2 e4 12. Nd4 O-O-O 13. f3 Nb4 14. fxe4 Rxd4 15. cxd4 Nc2+ 16. Kd1 Nxa1 17. b3 g6 18. Bb2 Nxb3 19. axb3 Bg7 20. Rf1 f6 21. Kc2 Re8 22. Re1 Kd7 23. e5 c6 24. Kd3 fxe5 25. dxe5 Ke6 26. Kc4 Rf8 27. Re2 Rf3 28. d4 Bf8 0-1

[Event "HUN-ch U8-U18 2019"]
[Site "Balatonlelle"]
[Date "2019.06.21"]
[Round "1.3"]
[White "Demjen, Mark"]
[Black "Pribelszky, Bence"]
[Result "0-1"]
[ECO "B40"]
[WhiteElo "1944"]
[BlackElo "2244"]
[Annotator "NA"]
[PlyCount "70"]
[EventDate "2019.06.21"]
[EventType "swiss"]
[EventCountry "HUN"]
[SourceTitle "playchess.com"]
[Source "ChessBase"]
[SourceQuality "1"]
[TimeControl "40/5400+30:1800+30"]

1. e4 c5 2. Nf3 e6 3. c4 Nc6 4. Nc3 Nf6 5. Be2 d5 6. exd5 exd5 7. d4 cxd4 8. Nxd4 Bc5 9. Nxc6 bxc6 10. cxd5 cxd5 11. O-O O-O 12. Bf3 Be6 13. Bg5 $11 Be7 14. Qd3 Rb8 15. b3 Qa5 16. Rac1 Rfd8 17. Na4 d4 18. Bf4 Rbc8 19. Rxc8 Bxc8 20. Rc1 Ba6 21. Qd1 Qf5 22. Bg3 Bb4 23. Rc7 Re8 24. Rxa7 Re1+ 25. Qxe1 Bxe1 26. Rxa6 g5 27. Ra8+ Kg7 28. Rd8 Qb1 29. h4 Ba5+ 30. Kh2 Bxd8 31. hxg5 Ne4 32. Be5+ Kg8 33. Bxd4 Nxg5 34. Bb7 Qxa2 35. Nc5 Ne6 0-1

[Event "HUN-ch U8-U18 2019"]
[Site "Balatonlelle"]
[Date "2019.06.21"]
[Round "1.3"]
[White "Szalay-Ocsak, Bank"]
[Black "Fesus, Marcell"]
[Result "1/2-1/2"]
[ECO "B41"]
[WhiteElo "1826"]
[BlackElo "1426"]
[Annotator "NA"]
[PlyCount "106"]
[EventDate "2019.06.21"]
[EventType "swiss"]
[EventCountry "HUN"]
[SourceTitle "playchess.com"]
[Source "ChessBase"]
[SourceQuality "1"]
[TimeControl "40/5400+30:1800+30"]

1. e4 c5 2. Nf3 e6 3. d4 cxd4 4. Nxd4 a6 5. c4 d6 6. Nc3 Nf6 7. Be3 Qc7 8. Be2 Be7 9. O-O O-O 10. Rc1 b6 11. Qd2 Bb7 12. f3 Nc6 13. Nd5 Qd8 14. Nxc6 Bxc6 15. Bxb6 Qd7 16. Nxe7+ Qxe7 17. Rfd1 Qb7 18. Ba5 d5 19. cxd5 exd5 20. exd5 Nxd5 21. Rxc6 Qxc6 22. Qxd5 Qxd5 23. Rxd5 g6 24. Rd6 Rfb8 25. Bc3 a5 26. Rd7 a4 27. a3 Rd8 28. Rxd8+ Rxd8 29. Bb5 Ra8 30. Kf2 f5 31. Ke3 Kf7 32. Kd4 Ke6 33. Kc4 g5 34. Kb4 Kd5 35. Bxa4 g4 36. fxg4 fxg4 37. Bd1 h5 38. h3 Rb8+ 39. Ka4 gxh3 40. gxh3 h4 41. b4 Kc4 42. Be2+ Kxc3 43. Bf3 Kc4 44. Ka5 Kb3 45. b5 Kxa3 46. b6 Kb3 47. Kb5 Kc3 48. Kc5 Kd3 49. b7 Ke3 50. Bd5 Kf4 51. Kd6 Kg3 52. Kc7 Rxb7+ 53. Bxb7 Kxh3 1/2-1/2

[Event "HUN-ch U8-U18 2019"]
[Site "Balatonlelle"]
[Date "2019.06.21"]
[Round "1.4"]
[White "Virag, Balint"]
[Black "Bakos, Balazs"]
[Result "1-0"]
[ECO "B48"]
[WhiteElo "2173"]
[BlackElo "2408"]
[Annotator "NA"]
[PlyCount "77"]
[EventDate "2019.06.21"]
[EventType "swiss"]
[EventCountry "HUN"]
[SourceTitle "playchess.com"]
[Source "ChessBase"]
[SourceQuality "1"]
[TimeControl "40/5400+30:1800+30"]

1. e4 c5 2. Nf3 e6 3. d4 cxd4 4. Nxd4 Nc6 5. Nc3 Qc7 6. Be3 a6 7. Qf3 Nf6 8. O-O-O Be7 9. Qg3 (9. Kb1 $14) 9... Qxg3 10. hxg3 $15 Ng4 11. Nxc6 bxc6 12. Bb6 Rb8 13. Ba7 Ra8 14. Be2 Rxa7 15. Bxg4 Bf6 16. Rhe1 Bxc3 17. bxc3 e5 18. f4 f6 19. Rf1 Ke7 20. fxe5 fxe5 21. Rf2 Rf8 22. Rxf8 Kxf8 23. Rh1 Rc7 24. Rxh7 Kg8 25. Rh1 d5 26. Bxc8 Rxc8 27. Re1 Re8 28. exd5 cxd5 29. c4 d4 30. Re4 Kf7 31. Kd2 Kf6 32. Kd3 Kf5 33. c5 Rc8 34. g4+ Ke6 35. Kc4 Rc7 36. Re1 Rc8 37. Rb1 Rc6 38. Rb6 Kd7 39. Kd5 1-0

[Event "HUN-ch U8-U18 2019"]
[Site "Balatonlelle"]
[Date "2019.06.21"]
[Round "1.4"]
[White "Gergely, Daniel"]
[Black "Barsi, Botond"]
[Result "0-1"]
[ECO "B29"]
[WhiteElo "1427"]
[BlackElo "1850"]
[Annotator "NA"]
[PlyCount "84"]
[EventDate "2019.06.21"]
[EventType "swiss"]
[EventCountry "HUN"]
[SourceTitle "playchess.com"]
[Source "ChessBase"]
[SourceQuality "1"]
[TimeControl "40/5400+30:1800+30"]

1. e4 c5 2. Nf3 Nf6 3. Nc3 Nc6 4. d4 d5 5. exd5 Nxd5 6. Nxd5 Qxd5 7. dxc5 Qxd1+ 8. Kxd1 e5 9. Bb5 Bg4 10. Bxc6+ bxc6 11. h3 Bxf3+ 12. gxf3 Bxc5 13. Be3 Bd6 14. Ke2 f5 15. Rhd1 Ke7 16. c4 f4 17. Bd2 Rhf8 18. Bc3 Rf5 19. Kf1 Raf8 20. b4 Rh5 21. Rd3 Rxh3 22. Kg2 Rh6 23. Rad1 Rg6+ 24. Kf1 Rc8 25. c5 Bc7 26. Rd7+ Ke6 27. a4 a6 28. b5 cxb5 29. axb5 axb5 30. c6 Bb8 31. Rd8 Rxc6 32. Rxb8 Rxc3 33. Rxb5 Rxf3 34. Re1 Rg5 35. Re4 Kf6 36. Ke2 Ra3 37. Rb6+ Kf5 38. Rbb4 h5 39. f3 Rg2+ 40. Kf1 Rc2 41. Re1 Rxf3+ 42. Kg1 Rg3+ 0-1

[Event "HUN-ch U8-U18 2019"]
[Site "Balatonlelle"]
[Date "2019.06.21"]
[Round "1.5"]
[White "Fodor, Kornel"]
[Black "Kovacsy, Barnabas"]
[Result "1/2-1/2"]
[ECO "B23"]
[WhiteElo "1926"]
[BlackElo "2136"]
[Annotator "NA"]
[PlyCount "53"]
[EventDate "2019.06.21"]
[EventType "swiss"]
[EventCountry "HUN"]
[SourceTitle "playchess.com"]
[Source "ChessBase"]
[SourceQuality "1"]
[TimeControl "40/5400+30:1800+30"]

1. e4 c5 2. Nc3 Nc6 3. f4 g6 4. Nf3 Bg7 5. Bc4 e6 6. f5 Nge7 7. fxe6 fxe6 8. d3 O-O 9. O-O d5 10. Bb3 Nd4 11. Nxd4 cxd4 12. Rxf8+ Bxf8 13. Ne2 Bg7 14. Bg5 dxe4 15. dxe4 Kh8 16. Nf4 Qd6 17. Nd3 Nc6 18. Qd2 Bd7 19. Rf1 Rf8 20. Rxf8+ Qxf8 21. Qf4 Qxf4 22. Bxf4 b6 23. a3 Kg8 24. Kf2 Kf7 25. Kf3 h6 26. h4 Ke7 27. Bd2 1/2-1/2

[Event "HUN-ch U8-U18 2019"]
[Site "Balatonlelle"]
[Date "2019.06.21"]
[Round "1.5"]
[White "Farkas, Otto Jr."]
[Black "Szabo, Bence Andreas"]
[Result "1-0"]
[ECO "C14"]
[WhiteElo "1859"]
[BlackElo "1447"]
[Annotator "NA"]
[PlyCount "83"]
[EventDate "2019.06.21"]
[EventType "swiss"]
[EventCountry "HUN"]
[SourceTitle "playchess.com"]
[Source "ChessBase"]
[SourceQuality "1"]
[TimeControl "40/5400+30:1800+30"]

1. e4 e6 2. d4 d5 3. Nc3 Nf6 4. Bg5 Be7 5. e5 Nfd7 6. Bxe7 Qxe7 7. f4 c5 8. Nb5 Nb6 9. Nd6+ Kf8 10. dxc5 N6d7 11. Nxc8 Qxc5 12. Nd6 Qb4+ 13. Qd2 Qxb2 14. Rd1 Nc6 15. c3 Qxd2+ 16. Rxd2 Rb8 17. c4 Nb6 18. Nf3 h6 19. Be2 a6 20. O-O Nc8 21. cxd5 Nxd6 22. exd6 Nb4 23. dxe6 fxe6 24. Ne5 Rd8 25. Ng6+ Kf7 26. Nxh8+ Rxh8 27. Rb1 Nd5 28. Rxb7+ Kf6 29. Bf3 Rd8 30. d7 Ke7 31. Bxd5 Rxd7 32. Rxd7+ Kxd7 33. Bb7+ Kc7 34. Bxa6 Kb6 35. Bc4 Kc5 36. Bxe6 g5 37. f5 Kc6 38. f6 Kc7 39. f7 Kb7 40. f8=Q Ka7 41. Rb2 Ka6 42. Qa3# 1-0

[Event "HUN-ch U8-U18 2019"]
[Site "Balatonlelle"]
[Date "2019.06.21"]
[Round "1.6"]
[White "Leszko, Bence"]
[Black "Follardt, Lorinc"]
[Result "1-0"]
[ECO "A05"]
[WhiteElo "2135"]
[BlackElo "1913"]
[Annotator "NA"]
[PlyCount "93"]
[EventDate "2019.06.21"]
[EventType "swiss"]
[EventCountry "HUN"]
[SourceTitle "playchess.com"]
[Source "ChessBase"]
[SourceQuality "1"]
[TimeControl "40/5400+30:1800+30"]

1. Nf3 Nf6 2. g3 g6 3. b3 Bg7 4. Bb2 b6 5. Bg2 Bb7 6. O-O O-O 7. c4 d6 8. e3 Nbd7 9. Nc3 Rb8 10. Qc2 e5 11. d4 Re8 12. Rfd1 exd4 13. exd4 Ne4 14. Re1 Ndf6 15. d5 Nxc3 16. Bxc3 Qd7 17. Qb2 Nh5 18. Bxg7 Nxg7 19. Ng5 Rxe1+ 20. Rxe1 Re8 21. Rxe8+ Nxe8 22. Qe2 Nf6 23. Bh3 Qe8 24. Qxe8+ Nxe8 25. Nf3 Nf6 26. Nd4 a6 27. f3 Kf8 28. Kf2 Ke7 29. Ke3 Nd7 30. Bxd7 Kxd7 31. g4 h6 32. Ke4 c6 33. h4 b5 34. dxc6+ Bxc6+ 35. Nxc6 Kxc6 36. cxb5+ Kxb5 37. a3 Kc5 38. Kd3 a5 39. Kc3 Kd5 40. b4 axb4+ 41. Kxb4 Ke5 42. a4 Kf4 43. a5 Kxf3 44. a6 Kxg4 45. a7 Kxh4 46. a8=Q f5 47. Qd8+ 1-0

[Event "HUN-ch U8-U18 2019"]
[Site "Balatonlelle"]
[Date "2019.06.21"]
[Round "1.6"]
[White "Broderick, Tamas"]
[Black "Pater, Peter"]
[Result "1/2-1/2"]
[ECO "A45"]
[WhiteElo "1511"]
[BlackElo "1901"]
[Annotator "NA"]
[PlyCount "60"]
[EventDate "2019.06.21"]
[EventType "swiss"]
[EventCountry "HUN"]
[SourceTitle "playchess.com"]
[Source "ChessBase"]
[SourceQuality "1"]
[TimeControl "40/5400+30:1800+30"]

1. d4 Nf6 2. Bf4 d6 3. e3 Nbd7 4. Nf3 g6 5. Be2 Bg7 6. h3 O-O 7. O-O c6 8. c3 Qc7 9. Nbd2 e5 10. Bh2 Ne8 11. dxe5 dxe5 12. Bc4 h6 13. Qc2 b5 14. Be2 Kh7 15. a4 Qb6 16. axb5 cxb5 17. Qb3 Nc7 18. Rfd1 Bb7 19. Ne4 Bxe4 20. Rxd7 Bf5 21. Rd2 Be6 22. Qc2 Nd5 23. Rad1 Rad8 24. e4 Nf4 25. Bxf4 exf4 26. Rxd8 Rxd8 27. Rxd8 Qxd8 28. Bxb5 Qb6 29. Bd3 Bb3 30. Qd2 Qd8 1/2-1/2

[Event "HUN-ch U8-U18 2019"]
[Site "Balatonlelle"]
[Date "2019.06.21"]
[Round "1.7"]
[White "Forgacs, Andras"]
[Black "Ongut, Tamas Gunes"]
[Result "0-1"]
[ECO "E61"]
[WhiteElo "1873"]
[BlackElo "2120"]
[Annotator "NA"]
[PlyCount "36"]
[EventDate "2019.06.21"]
[EventType "swiss"]
[EventCountry "HUN"]
[SourceTitle "playchess.com"]
[Source "ChessBase"]
[SourceQuality "1"]
[TimeControl "40/5400+30:1800+30"]

1. d4 Nf6 2. c4 g6 3. Nc3 c5 4. Nf3 Bg7 5. e4 O-O 6. Be2 cxd4 7. Nxd4 d6 8. Be3 Nc6 9. Qd2 Bd7 10. O-O Rc8 11. Rac1 Ng4 12. Bxg4 Bxg4 13. Nd5 Bd7 14. b3 e6 15. Nc3 a6 16. Nde2 Qa5 17. Qxd6 Rfd8 18. Bg5 Qxg5 0-1

[Event "HUN-ch U8-U18 2019"]
[Site "Balatonlelle"]
[Date "2019.06.21"]
[Round "1.7"]
[White "Onodi, Tamas"]
[Black "Borhy, Marcell"]
[Result "0-1"]
[ECO "D00"]
[WhiteElo "1684"]
[BlackElo "2374"]
[Annotator "NA"]
[PlyCount "60"]
[EventDate "2019.06.21"]
[EventType "swiss"]
[EventCountry "HUN"]
[SourceTitle "playchess.com"]
[Source "ChessBase"]
[SourceQuality "1"]
[TimeControl "40/5400+30:1800+30"]

1. d4 d5 2. Bf4 c5 3. e3 Nc6 4. Nf3 Nf6 5. c3 Qb6 6. Qc2 g6 7. Nbd2 Bf5 8. dxc5 Qxc5 9. Qb3 Na5 10. Qb5+ Qxb5 11. Bxb5+ Bd7 12. Bxd7+ Nxd7 13. O-O Bg7 14. Rfe1 O-O 15. e4 e5 16. Bg3 dxe4 17. Rxe4 f5 18. Re2 Nc6 19. Nc4 f4 20. Bh4 h6 21. Rd1 Nb6 22. Nxb6 axb6 23. Rd7 Rf7 24. Rxf7 Kxf7 25. b3 Re8 26. g4 e4 27. Nd2 g5 28. Nxe4 Kg6 29. Bxg5 hxg5 30. f3 Rd8 0-1

[Event "HUN-ch U8-U18 2019"]
[Site "Balatonlelle"]
[Date "2019.06.21"]
[Round "1.8"]
[White "Pasztor, Balazs"]
[Black "Kovacs, Laszlo Jr."]
[Result "1-0"]
[ECO "C42"]
[WhiteElo "2215"]
[BlackElo "2101"]
[Annotator "NA"]
[PlyCount "51"]
[EventDate "2019.06.21"]
[EventType "swiss"]
[EventCountry "HUN"]
[SourceTitle "playchess.com"]
[Source "ChessBase"]
[SourceQuality "1"]
[TimeControl "40/5400+30:1800+30"]

1. e4 e5 2. Nf3 Nf6 3. Nxe5 d6 4. Nf3 Nxe4 5. d4 d5 6. Bd3 Nd7 7. O-O Bd6 8. c4 c6 9. Nc3 Nxc3 10. bxc3 dxc4 11. Re1+ Be7 12. Ba3 c5 13. Bxc4 O-O 14. Qb3 b6 15. Bd5 Rb8 16. Rad1 Ba6 17. Bc6 Bd6 18. Ne5 Nf6 19. dxc5 bxc5 20. Qa4 Qc7 21. Qxa6 Bxe5 22. Bxc5 Rfc8 23. Bxa7 Ra8 24. Bxa8 Rxa8 25. g3 Rxa7 26. Qxa7 1-0

[Event "HUN-ch U8-U18 2019"]
[Site "Balatonlelle"]
[Date "2019.06.21"]
[Round "1.8"]
[White "Baski, Barnabas"]
[Black "Erseki, Aron"]
[Result "1-0"]
[ECO "A06"]
[WhiteElo "2108"]
[BlackElo "1854"]
[Annotator "NA"]
[PlyCount "97"]
[EventDate "2019.06.21"]
[EventType "swiss"]
[EventCountry "HUN"]
[SourceTitle "playchess.com"]
[Source "ChessBase"]
[SourceQuality "1"]
[TimeControl "40/5400+30:1800+30"]

1. Nf3 d5 2. g3 e6 3. Bg2 Bd6 4. c4 c6 5. cxd5 exd5 6. O-O Nf6 7. d3 O-O 8. Nc3 Bf5 9. e4 dxe4 10. Nh4 Bg4 11. Qb3 Qc7 12. dxe4 Nbd7 13. Qc2 Rad8 14. Be3 Ne5 15. h3 Be6 16. b3 Ng6 17. Nxg6 hxg6 18. Rac1 Qa5 19. Ne2 Qh5 20. h4 Ng4 21. Bf4 Be7 22. f3 Nh6 23. Rfd1 g5 24. hxg5 Bxg5 25. Qc5 f5 26. Bxg5 Qxg5 27. e5 Kh7 28. Rd6 Rxd6 29. exd6 Bd5 30. Qf2 Rd8 31. f4 Qf6 32. Bxd5 cxd5 33. Qxa7 Qb2 34. Qe3 Rxd6 35. Rc7 Ng4 36. Qd4 Qxd4+ 37. Nxd4 Kg6 38. Rxb7 Ra6 39. a4 Nf6 40. Rb5 Ra7 41. a5 Rc7 42. Rb6 Rc1+ 43. Kg2 Rd1 44. Nf3 Kh5 45. Rb4 Ra1 46. Ra4 Rc1 47. Ra2 Ne4 48. a6 Nc3 49. a7 1-0

[Event "HUN-ch U8-U18 2019"]
[Site "Balatonlelle"]
[Date "2019.06.21"]
[Round "1.9"]
[White "Lakatos, Tamas"]
[Black "Papp, Bence"]
[Result "0-1"]
[ECO "B01"]
[WhiteElo "1833"]
[BlackElo "2094"]
[Annotator "NA"]
[PlyCount "50"]
[EventDate "2019.06.21"]
[EventType "swiss"]
[EventCountry "HUN"]
[SourceTitle "playchess.com"]
[Source "ChessBase"]
[SourceQuality "1"]
[TimeControl "40/5400+30:1800+30"]

1. e4 d5 2. exd5 Qxd5 3. d4 Nc6 4. Nf3 Bg4 5. Be2 O-O-O 6. Be3 e6 7. O-O Nf6 8. c4 Qf5 9. h3 Bh5 10. Qa4 g5 11. d5 exd5 12. cxd5 Bxf3 13. Bxf3 Ne5 14. Qxa7 Nxf3+ 15. gxf3 Bd6 16. Bc5 Qxh3 17. Bxd6 Rxd6 18. Qa8+ Kd7 19. Qa4+ Ke7 20. Qc4 Rc8 21. Qe2+ Kf8 22. Nc3 Re8 23. Qd2 Ng4 24. fxg4 Qxg4+ 25. Kh1 Rh6# 0-1

[Event "HUN-ch U8-U18 2019"]
[Site "Balatonlelle"]
[Date "2019.06.21"]
[Round "1.9"]
[White "Gyurika, Tamas"]
[Black "Pasti, Aron"]
[Result "0-1"]
[ECO "C55"]
[WhiteElo "1643"]
[BlackElo "2193"]
[Annotator "NA"]
[PlyCount "50"]
[EventDate "2019.06.21"]
[EventType "swiss"]
[EventCountry "HUN"]
[SourceTitle "playchess.com"]
[Source "ChessBase"]
[SourceQuality "1"]
[TimeControl "40/5400+30:1800+30"]

1. e4 e5 2. Nf3 Nc6 3. d4 exd4 4. Bc4 Nf6 5. e5 d5 6. Bb5 Ne4 7. Nxd4 Bc5 8. O-O O-O 9. Bxc6 bxc6 10. f3 Ng5 11. Nc3 Ne6 12. Be3 f6 13. exf6 Qxf6 14. Nce2 Ba6 15. c3 Bxe2 16. Qxe2 Nxd4 17. Bxd4 Bxd4+ 18. cxd4 Qxd4+ 19. Kh1 Rfe8 20. Qc2 Qf6 21. Rac1 Re6 22. Qb3 Rae8 23. Qb7 Qg5 24. Qxc7 Qxc1 25. Qb7 Qg5 0-1

[Event "HUN-ch U8-U18 2019"]
[Site "Balatonlelle"]
[Date "2019.06.21"]
[Round "1.10"]
[White "Juhasz, Agoston"]
[Black "Kardos, Levente"]
[Result "1-0"]
[ECO "A00"]
[WhiteElo "2161"]
[BlackElo "1629"]
[Annotator "NA"]
[PlyCount "37"]
[EventDate "2019.06.21"]
[EventType "swiss"]
[EventCountry "HUN"]
[SourceTitle "playchess.com"]
[Source "ChessBase"]
[SourceQuality "1"]
[TimeControl "40/5400+30:1800+30"]

1. Nc3 e6 2. d4 d5 3. Bf4 Bd6 4. Bxd6 Qxd6 5. e4 Bd7 6. Qg4 g6 7. e5 Qb6 8. O-O-O Ne7 9. Qf4 O-O 10. Nf3 a5 11. g4 Na6 12. Qh6 f6 13. exf6 Rxf6 14. Ng5 Rxf2 15. Qxh7+ Kf8 16. Bd3 Nb4 17. Qh8+ Ng8 18. Bxg6 Qa6 19. Bh7 1-0

[Event "HUN-ch U8-U18 2019"]
[Site "Balatonlelle"]
[Date "2019.06.21"]
[Round "1.10"]
[White "Szilagyi, Norbert"]
[Black "Bolyki, Istvan"]
[Result "1-0"]
[ECO "C54"]
[WhiteElo "2093"]
[BlackElo "1821"]
[Annotator "NA"]
[PlyCount "65"]
[EventDate "2019.06.21"]
[EventType "swiss"]
[EventCountry "HUN"]
[SourceTitle "playchess.com"]
[Source "ChessBase"]
[SourceQuality "1"]
[TimeControl "40/5400+30:1800+30"]

1. e4 e5 2. Bc4 Nc6 3. Nf3 Bc5 4. c3 Nf6 5. d3 d6 6. Bb3 Bb6 7. Nbd2 Be6 8. Bc2 a6 9. h3 O-O 10. Nf1 h6 11. g4 Nh7 12. Ng3 Ne7 13. Nh4 d5 14. Qe2 dxe4 15. dxe4 Qd6 16. Nhf5 Nxf5 17. gxf5 Bd7 18. Rg1 Ng5 19. Bxg5 hxg5 20. Rd1 Bb5 21. Rxd6 Bxe2 22. Rxb6 cxb6 23. Nxe2 f6 24. Bb3+ Kh7 25. Bd5 Rab8 26. Kd2 b5 27. Ke3 g6 28. Ng3 b6 29. h4 gxh4 30. fxg6+ Kxg6 31. Nf5+ Kh7 32. Rg7+ Kh8 33. Rg6 1-0

[Event "HUN-ch U8-U18 2019"]
[Site "Balatonlelle"]
[Date "2019.06.21"]
[Round "1.11"]
[White "Varga, Boldizsar"]
[Black "Geher, Koppany"]
[Result "0-1"]
[ECO "D85"]
[WhiteElo "1804"]
[BlackElo "2089"]
[Annotator "NA"]
[PlyCount "98"]
[EventDate "2019.06.21"]
[EventType "swiss"]
[EventCountry "HUN"]
[SourceTitle "playchess.com"]
[Source "ChessBase"]
[SourceQuality "1"]
[TimeControl "40/5400+30:1800+30"]

1. d4 Nf6 2. c4 g6 3. Nc3 d5 4. cxd5 Nxd5 5. e4 Nxc3 6. bxc3 Bg7 7. Nf3 c5 8. Be3 Qa5 9. Qd2 Nc6 10. Rb1 a6 11. Rc1 f5 12. Bd3 cxd4 13. cxd4 Qxd2+ 14. Kxd2 Rf8 15. g3 Bd7 16. a3 fxe4 17. Bxe4 Na5 18. Rc2 Bf5 19. Bxf5 Rxf5 20. Ng5 Bxd4 21. Bxd4 Rxg5 22. Rb1 Rd5 23. Ke3 b5 24. Ke4 Rd7 25. a4 Nc4 26. Ra1 Rad8 27. Bc3 Rd1 28. Rxd1 Rxd1 29. axb5 axb5 30. Bb4 Kd7 31. Kf4 h6 32. Re2 Rd4+ 33. Kf3 e5 34. Ra2 Nd6 35. Ra7+ Ke6 36. Bc5 Rc4 37. Be3 h5 38. Ra6 Kd5 39. Rb6 Rc6 40. Rb8 Rc8 41. Rb6 Rc6 42. Rb8 Rc7 43. Ke2 Rb7 44. Rd8 b4 45. Kd2 b3 46. Kc1 b2+ 47. Kb1 Ke6 48. Bd2 Nc4 49. Rd3 e4 0-1

[Event "HUN-ch U8-U18 2019"]
[Site "Balatonlelle"]
[Date "2019.06.21"]
[Round "1.11"]
[White "Vegh, Benedek"]
[Black "Fule, Simon"]
[Result "0-1"]
[ECO "A10"]
[WhiteElo "1626"]
[BlackElo "2148"]
[Annotator "NA"]
[PlyCount "72"]
[EventDate "2019.06.21"]
[EventType "swiss"]
[EventCountry "HUN"]
[SourceTitle "playchess.com"]
[Source "ChessBase"]
[SourceQuality "1"]
[TimeControl "40/5400+30:1800+30"]

1. c4 d6 2. g3 g6 3. Bg2 Bg7 4. Nf3 e5 5. Nc3 Nc6 6. d3 f5 7. Qc2 Nf6 8. e4 O-O 9. b3 a5 10. Bb2 Nb4 11. Qd2 c6 12. a3 Na6 13. b4 Be6 14. b5 Nc5 15. Qc2 fxe4 16. Nxe4 Ncxe4 17. dxe4 cxb5 18. cxb5 Rc8 19. Qd2 Nxe4 20. Qe3 Nc5 21. Nd2 Bh6 22. Qe2 Bxd2+ 23. Qxd2 Nb3 24. Qe3 Nxa1 25. Bxa1 Rc5 26. a4 Qc7 27. O-O Rc4 28. Qa3 Qc5 29. Qxc5 Rxc5 30. Rd1 Bb3 31. Rb1 Bxa4 32. Bxb7 Rxb5 33. Rxb5 Bxb5 34. Bb2 Kf7 35. Ba3 Ke6 36. f3 Bc4 0-1

[Event "HUN-ch U8-U18 2019"]
[Site "Balatonlelle"]
[Date "2019.06.21"]
[Round "1.12"]
[White "Kozsik, Bende Barnabas"]
[Black "Szoke, Kristof"]
[Result "1-0"]
[ECO "C24"]
[WhiteElo "2089"]
[BlackElo "1583"]
[Annotator "NA"]
[PlyCount "55"]
[EventDate "2019.06.21"]
[EventType "swiss"]
[EventCountry "HUN"]
[SourceTitle "playchess.com"]
[Source "ChessBase"]
[SourceQuality "1"]
[TimeControl "40/5400+30:1800+30"]

1. e4 e5 2. Bc4 Nf6 3. d3 Nc6 4. Nc3 Bc5 5. Bg5 h6 6. Bh4 d6 7. h3 Be6 8. Bb3 Nd4 9. Nge2 O-O 10. Bg3 Bxb3 11. axb3 Nh5 12. O-O Qg5 13. Kh2 Nxg3 14. Nxg3 f5 15. exf5 Nxf5 16. Nge4 Qg6 17. Nxc5 Nh4 18. Qg4 Qxg4 19. hxg4 dxc5 20. Ne4 b6 21. Ra6 Rf7 22. Rfa1 c6 23. Rxb6 axb6 24. Rxa8+ Kh7 25. Rc8 b5 26. Rxc6 c4 27. bxc4 bxc4 28. Rxc4 1-0

[Event "HUN-ch U8-U18 2019"]
[Site "Balatonlelle"]
[Date "2019.06.21"]
[Round "1.12"]
[White "Palczert, Botond"]
[Black "Blahota, Marcell"]
[Result "1/2-1/2"]
[ECO "B13"]
[WhiteElo "2068"]
[BlackElo "1793"]
[Annotator "NA"]
[PlyCount "58"]
[EventDate "2019.06.21"]
[EventType "swiss"]
[EventCountry "HUN"]
[SourceTitle "playchess.com"]
[Source "ChessBase"]
[SourceQuality "1"]
[TimeControl "40/5400+30:1800+30"]

1. e4 c6 2. d4 d5 3. exd5 cxd5 4. Bd3 Nf6 5. h3 Nc6 6. c3 a6 7. Nf3 e6 8. O-O Be7 9. Bf4 b5 10. Nbd2 O-O 11. Ne5 Bb7 12. Ndf3 b4 13. Rc1 Rc8 14. Nxc6 Rxc6 15. cxb4 Rxc1 16. Qxc1 Bxb4 17. Qe3 Qb6 18. Rc1 Rc8 19. Rxc8+ Bxc8 20. Qc1 Qb7 21. Qc2 h6 22. Qa4 Be7 23. b3 Qd7 24. Qa5 Qb7 25. Ne5 Ne8 26. Qa4 Nd6 27. Nc6 Bf8 28. Nd8 Qb6 29. Bxd6 Qxd6 1/2-1/2